Canucks vs Senators

Created - Sunday, December 07, 2014 at 22:52

Goals
1 2 3 T
Canucks 1 2 1 4
Senators 1 0 0 1
Shots
1 2 3 T
Canucks 4 15 8 27
Senators 16 2 15 33

1st period

1. Senators , Zach Bogosian 6 (Justin Schultz, Jonathan Toews) at 2:15
2. Canucks , Niklas Hjalmarsson 5 (Pavel Datsyuk, Christopher Tanev) at 7:36 (PP)

Penalties :
Jonathan Toews (Ott) for Kneeing (Major) at 5:31, Niklas Hjalmarsson (Van) for Hooking (Minor) at 19:48

2nd period

3. Canucks , Andrei Markov 9 (Niklas Hjalmarsson, Christopher Tanev) at 4:48 (PP)
4. Canucks , Boyd Gordon 4 (Christopher Tanev, Niklas Hjalmarsson) at 6:15

Penalties :
Matt Greene (Ott) for Interference (Minor) at 3:50, Erik Gudbranson (Ott) for Roughing (Minor) at 8:58, Ryane Clowe (Van) for Holding (Minor) at 18:45

3rd period

5. Canucks , Jared Cowen 4 (Boyd Gordon, Mason Raymond) at 19:31

Penalties :
Niklas Hjalmarsson (Van) for Hooking (Minor) at 2:18, Jared Cowen (Van) for Interference (Minor) at 14:15

Goalie Stats

Ben Bishop (Van), 32 saves from 33 shots - (0.970), W, 20-4-4, 60:00 minutes
James Reimer (Ott), 23 saves from 27 shots - (0.852), L, 0-2-0, 60:00 minutes

Players Stats for Canucks

Player Name              G  A  P  +/- PIM S  H  SB GA TA FO     MP     PP MP  PK MP  
------------------------------------------------------------------------------------
Andrei Markov            1  0  1  -1  0   6  1  2  1  1  0/0    25:09   4:15   4:39 
Boyd Gordon              1  1  2   2  0   4  0  0  1  0  8/12   19:12   0:00   6:01 
Brendan Gallagher        0  0  0   0  0   3  0  0  3  0  0/1    16:54   4:10   0:00 
Christopher Tanev        0  3  3   1  0   4  0  1  0  2  0/0    20:45   3:41   2:03 
Clarke MacArthur         0  0  0   0  0   1  0  0  1  1  0/1    16:35   3:46   0:35 
Cody Hodgson             0  0  0   0  0   1  3  0  2  0  3/9    16:36   4:10   0:00 
Colby Robak              0  0  0   1  0   0  0  0  0  0  0/0    12:52   0:00   0:00 
James Wright             0  0  0  -1  0   1  0  0  0  0  0/0    14:57   0:00   6:26 
Jared Cowen              1  0  1   1  2   1  1  1  0  0  0/0    16:08   0:00   2:25 
Kyle Brodziak            0  0  0  -1  0   0  0  0  0  0  5/5     8:02   0:00   0:55 
Lance Bouma              0  0  0   2  0   1  1  0  0  0  1/1    12:46   0:00   1:00 
Mason Raymond            0  1  1   2  0   0  0  0  1  0  0/0    12:16   0:00   0:00 
Michael Grabner          0  0  0   0  0   0  1  0  2  1  0/0    16:45   3:46   0:00 
Niklas Hjalmarsson       1  2  3   1  4   1  3  0  0  1  0/0    20:59   3:41   2:06 
Pavel Datsyuk            0  1  1  -1  0   3  0  0  5  0  5/10   20:02   3:46   0:55 
Ryane Clowe              0  0  0   0  2   0  6  1  0  1  0/1    16:53   4:10   0:00 
Victor Hedman            0  0  0  -1  0   1  2  4  0  0  0/0    25:09   4:15   4:39 
Zack Kassian             0  0  0   0  0   0  0  0  0  0  0/0     0:00   0:00   0:00 

Players Stats for Senators

Player Name              G  A  P  +/- PIM S  H  SB GA TA FO     MP     PP MP  PK MP  
------------------------------------------------------------------------------------
Brad Richards            0  0  0   0  0   3  1  0  1  0  2/11   17:34   0:45   2:26 
Colin Greening           0  0  0   0  0   1  1  0  0  0  1/1     9:13   0:00   0:22 
Erik Gudbranson          0  0  0  -1  2   0  2  1  0  0  0/0    16:47   0:00   3:02 
Fedor Tyutin             0  0  0  -1  0   1  1  2  0  1  0/0    20:56   4:31   0:00 
Johnny Oduya             0  0  0   0  0   1  1  1  0  0  0/0    21:15   3:25   4:16 
Jonathan Toews           0  1  1  -1  5   5  0  0  4  0  5/12   20:02   4:08   0:25 
Justin Schultz           0  1  1   1  0   1  1  1  0  3  0/0    20:22   3:25   2:12 
Kyle Okposo              0  0  0   0  0   4  0  0  3  1  0/0    16:15   3:30   0:00 
Mark Scheifele           0  0  0   0  0   2  1  1  0  2  1/1    13:30   0:01   0:00 
Matt Greene              0  0  0  -1  2   1  3  3  0  0  0/0    15:39   0:00   2:42 
Nazem Kadri              0  0  0   0  0   5  3  0  1  0  7/11   20:57   3:02   5:05 
Nikita Nikitin           0  0  0   0  0   0  0  0  0  0  0/0     0:00   0:00   0:00 
Phil Kessel              0  0  0  -1  0   2  0  1  2  0  0/0    19:08   4:26   5:05 
Ray Whitney              0  0  0   0  0   1  1  0  1  0  1/1    13:02   0:00   0:00 
Reilly Smith             0  0  0   0  0   1  1  0  0  0  0/1    16:15   3:30   0:00 
Scott Gomez              0  0  0   0  0   1  1  1  0  0  1/1     8:35   0:00   0:00 
Scott Hartnell           0  0  0  -1  0   1  2  0  0  0  0/1    16:25   4:26   2:29 
Zach Bogosian            1  0  1   0  0   3  1  1  0  1  0/0    26:06   4:31   3:40 

3 Stars

1 - Ben Bishop (Van)
2 - Boyd Gordon (Van)
3 - Niklas Hjalmarsson (Van)

Power Play

Canucks - 2 on 3 Attempt(s) - 66.67%
Senators - 0 on 4 Attempt(s) - 0.00%

Penalty Kill

Canucks - 4 on 4 Attempt(s) - 100.00% - Score 0 goal in Penalty Kill
Senators - 1 on 3 Attempt(s) - 33.33% - Score 0 goal in Penalty Kill

Official

Referees : Unknown
Linesman : Unknown

Game Notes

No Game Note

Finance

Level 1 -- Attendance: 4067 (67.78%) -- Ticket Income $406,700
Level 2 -- Attendance: 3629 (72.58%) -- Ticket Income $217,740
Level 3 -- Attendance: 1481 (74.05%) -- Ticket Income $51,835
Level 4 -- Attendance: 2799 (69.98%) -- Ticket Income $55,980
Luxury Box -- Attendance: 754 (75.40%) -- Ticket Income $150,800
Game was played at the Scotiabank Place
Total Attendance: 12730 (70.72%)
Total Ticket Income: $883,055
Other Income: $432,697
Total Income: $1,315,752

Canucks

5 vs 5 Forward 
   Center                   Left Wing                Right Wing               Time % Phy DF OF 
 1 Pavel Datsyuk            Clarke MacArthur         Brendan Gallagher        35     1   2  2  
 2 Cody Hodgson             Ryane Clowe              Michael Grabner          30     1   2  2  
 3 Boyd Gordon              Mason Raymond            Lance Bouma              22     1   2  2  
 4 Kyle Brodziak            James Wright             Pavel Datsyuk            13     1   2  2  

5 vs 5 Defense 
   Defense                  Defense                                           Time % Phy DF OF 
 1 Andrei Markov            Victor Hedman                                     35     1   2  2  
 2 Niklas Hjalmarsson       Christopher Tanev                                 30     1   2  2  
 3 Jared Cowen              Colby Robak                                       22     1   2  2  
 4 Andrei Markov            Victor Hedman                                     13     1   2  2  

PowerPlay Forward 
   Center                   Left Wing                Right Wing               Time % Phy DF OF 
 1 Pavel Datsyuk            Clarke MacArthur         Michael Grabner          60     1   2  2  
 2 Cody Hodgson             Ryane Clowe              Brendan Gallagher        40     1   2  2  

PowerPlay Defense
   Defense                  Defense                                           Time % Phy DF OF 
 1 Andrei Markov            Victor Hedman                                     60     1   2  2  
 2 Niklas Hjalmarsson       Christopher Tanev                                 40     1   2  2  

Penalty Kill 4 Players Forward 
   Center                   Wing                     Time % Phy DF OF 
 1 Boyd Gordon              James Wright             60     1   2  2  
 2 Kyle Brodziak            Pavel Datsyuk            40     1   2  2  

Penalty Kill 4 Players Defense
   Defense                  Defense                  Time % Phy DF OF 
 1 Andrei Markov            Victor Hedman            60     1   2  2  
 2 Niklas Hjalmarsson       Jared Cowen              40     1   2  2  

Penalty Kill - 3 Players Forward 
   Forward                                           Time % Phy DF OF 
 1 Boyd Gordon                                       60     1   2  2  
 2 Kyle Brodziak                                     40     1   2  2  

Penalty Kill - 3 Players Defense
   Defense                  Defense                  Time % Phy DF OF 
 1 Andrei Markov            Victor Hedman            60     1   2  2  
 2 Niklas Hjalmarsson       Jared Cowen              40     1   2  2  

4 vs 4 Forward 
   Center                   Wing                     Time % Phy DF OF 
 1 Pavel Datsyuk            Clarke MacArthur         60     1   2  2  
 2 Cody Hodgson             Ryane Clowe              40     1   2  2  

4 vs 4 Defense
   Defense                  Defense                  Time % Phy DF OF 
 1 Andrei Markov            Victor Hedman            60     1   2  2  
 2 Niklas Hjalmarsson       Christopher Tanev        40     1   2  2  

Last Minutes Offensive
   Center                   Left Wing                Right Wing               Defense                  Defense                  
   Pavel Datsyuk            Ryane Clowe              Brendan Gallagher        Andrei Markov            Victor Hedman            

Last Minutes Defensive
   Center                   Left Wing                Right Wing               Defense                  Defense                  
   Boyd Gordon              James Wright             Kyle Brodziak            Andrei Markov            Victor Hedman            

Goaltenders
Starting : Ben Bishop               
Backup : Jake Allen               

Extra Forwards
Normal : Mason Raymond, Brendan Gallagher, Pavel Datsyuk - PP : Mason Raymond, Brendan Gallagher - PK : Lance Bouma
Extra Defensemen
Normal : Jared Cowen, Christopher Tanev, Niklas Hjalmarsson - PP : Jared Cowen - PK : Christopher Tanev, Niklas Hjalmarsson
Penalty Shots
Pavel Datsyuk, Mason Raymond, Michael Grabner, Cody Hodgson, Kyle Brodziak

Senators

5 vs 5 Forward 
   Center                   Left Wing                Right Wing               Time % Phy DF OF 
 1 Jonathan Toews           Scott Hartnell           Phil Kessel              35     1   1  3  
 2 Nazem Kadri              Reilly Smith             Kyle Okposo              30     1   1  3  
 3 Brad Richards            Ray Whitney              Mark Scheifele           22     1   2  2  
 4 Scott Gomez              Colin Greening           Jonathan Toews           13     1   2  2  

5 vs 5 Defense 
   Defense                  Defense                                           Time % Phy DF OF 
 1 Fedor Tyutin             Zach Bogosian                                     36     1   2  2  
 2 Johnny Oduya             Justin Schultz                                    28     1   2  2  
 3 Erik Gudbranson          Matt Greene                                       26     1   3  1  
 4 Justin Schultz           Zach Bogosian                                     10     0   2  3  

PowerPlay Forward 
   Center                   Left Wing                Right Wing               Time % Phy DF OF 
 1 Jonathan Toews           Scott Hartnell           Phil Kessel              60     0   1  4  
 2 Nazem Kadri              Reilly Smith             Kyle Okposo              40     0   1  4  

PowerPlay Defense
   Defense                  Defense                                           Time % Phy DF OF 
 1 Fedor Tyutin             Zach Bogosian                                     60     1   1  3  
 2 Johnny Oduya             Justin Schultz                                    40     1   1  3  

Penalty Kill 4 Players Forward 
   Center                   Wing                     Time % Phy DF OF 
 1 Nazem Kadri              Phil Kessel              60     1   3  1  
 2 Jonathan Toews           Scott Hartnell           40     1   3  1  

Penalty Kill 4 Players Defense
   Defense                  Defense                  Time % Phy DF OF 
 1 Matt Greene              Zach Bogosian            60     1   4  0  
 2 Johnny Oduya             Erik Gudbranson          40     1   4  0  

Penalty Kill - 3 Players Forward 
   Forward                                           Time % Phy DF OF 
 1 Nazem Kadri                                       60     1   4  0  
 2 Jonathan Toews                                    40     1   4  0  

Penalty Kill - 3 Players Defense
   Defense                  Defense                  Time % Phy DF OF 
 1 Matt Greene              Zach Bogosian            60     1   4  0  
 2 Johnny Oduya             Erik Gudbranson          40     1   4  0  

4 vs 4 Forward 
   Center                   Wing                     Time % Phy DF OF 
 1 Jonathan Toews           Phil Kessel              60     1   1  3  
 2 Nazem Kadri              Kyle Okposo              40     1   1  3  

4 vs 4 Defense
   Defense                  Defense                  Time % Phy DF OF 
 1 Fedor Tyutin             Zach Bogosian            60     1   2  2  
 2 Johnny Oduya             Justin Schultz           40     1   2  2  

Last Minutes Offensive
   Center                   Left Wing                Right Wing               Defense                  Defense                  
   Nazem Kadri              Scott Hartnell           Phil Kessel              Matt Greene              Zach Bogosian            

Last Minutes Defensive
   Center                   Left Wing                Right Wing               Defense                  Defense                  
   Nazem Kadri              Scott Hartnell           Phil Kessel              Matt Greene              Zach Bogosian            

Goaltenders
Starting : James Reimer             
Backup : Jean-Francois Berube     

Extra Forwards
Normal : Nazem Kadri, Brad Richards, Phil Kessel - PP : Nazem Kadri, Jonathan Toews - PK : Nazem Kadri
Extra Defensemen
Normal : Justin Schultz, Zach Bogosian, Johnny Oduya - PP : Justin Schultz - PK : Justin Schultz, Johnny Oduya
Penalty Shots
Jonathan Toews, Phil Kessel, Nazem Kadri, Kyle Okposo, Scott Hartnell

% Time on Ice - Canucks

Lines # - Real PCT - Wanted PCT - Time Play
Normal Forward
1 - 30% - 35% - 13:12
2 - 29% - 30% - 12:51
3 - 26% - 22% - 11:23
4 - 15% - 13% - 6:42
Normal Defense
1 - 33% - 35% - 14:37
2 - 34% - 30% - 15:01
3 - 29% - 22% - 12:52
4 - 4% - 13% - 1:38
PP Forward
1 - 47% - 60% - 3:46
2 - 53% - 40% - 4:10
PP Defense
1 - 54% - 60% - 4:15
2 - 46% - 40% - 3:41
PK Forward
1 - 88% - 60% - 7:01
2 - 12% - 40% - 0:55
PK Defense
1 - 59% - 60% - 4:39
2 - 41% - 40% - 3:17
PK3 Forward
1 - 0% - 60%
2 - 0% - 40%
PK3 Defense
1 - 0% - 60%
2 - 0% - 40%
44 Forward
1 - 0% - 60%
2 - 0% - 40%
44 Defense
1 - 0% - 60%
2 - 0% - 40%
Last Minute Offensive  - 0:00
Last Minute Defensive  - 0:00
Total
Forward - 60:00
Defense - 60:00

% Time on Ice - Senators

Lines # - Real PCT - Wanted PCT - Time Play
Normal Forward
1 - 20% - 35% - 8:42
2 - 31% - 30% - 13:52
3 - 30% - 22% - 13:02
4 - 19% - 13% - 8:32
Normal Defense
1 - 38% - 36% - 16:44
2 - 31% - 28% - 13:34
3 - 29% - 26% - 12:39
4 - 3% - 10% - 1:11
PP Forward
1 - 56% - 60% - 4:26
2 - 44% - 40% - 3:30
PP Defense
1 - 57% - 60% - 4:31
2 - 43% - 40% - 3:25
PK Forward
1 - 69% - 60% - 5:27
2 - 31% - 40% - 2:29
PK Defense
1 - 46% - 60% - 3:40
2 - 54% - 40% - 4:16
PK3 Forward
1 - 0% - 60%
2 - 0% - 40%
PK3 Defense
1 - 0% - 60%
2 - 0% - 40%
44 Forward
1 - 0% - 60%
2 - 0% - 40%
44 Defense
1 - 0% - 60%
2 - 0% - 40%
Last Minute Offensive  - 0:00
Last Minute Defensive  - 0:00
Total
Forward - 60:00
Defense - 60:00

Play by Play

1st period


0:01 of 1st period - Pavel Datsyuk wins face-off versus Jonathan Toews in neutral zone.
0:11 of 1st period - Snap shot by Scott Hartnell.
0:11 of 1st period - Stopped by Ben Bishop with a rebound.
0:13 of 1st period - Snap shot by Jonathan Toews.
0:13 of 1st period - Shot Hit the Post.
0:29 of 1st period - Snap shot by Phil Kessel.
0:29 of 1st period - Stopped by Ben Bishop with a rebound.
0:31 of 1st period - Slapshot by Phil Kessel.
0:31 of 1st period - Stopped by Ben Bishop without a rebound.
0:32 of 1st period - Nazem Kadri wins face-off versus Ryane Clowe in Canucks zone.
0:59 of 1st period - Off-side.
1:00 of 1st period - Mark Scheifele wins face-off versus Boyd Gordon in neutral zone.
1:09 of 1st period - Colby Robak is hit by Erik Gudbranson and loses puck.
2:00 of 1st period - Kyle Brodziak is hit by Colin Greening and loses puck.
2:05 of 1st period - Slapshot by Jonathan Toews.
2:05 of 1st period - Stopped by Ben Bishop with a rebound.
2:07 of 1st period - Snap shot by Scott Gomez.
2:07 of 1st period - Stopped by Ben Bishop with a rebound.
2:13 of 1st period - Slapshot by Justin Schultz.
2:13 of 1st period - Shot Blocked by Victor Hedman.
2:15 of 1st period - Backhand shot by Zach Bogosian.
2:15 of 1st period - Goal by Zach Bogosian - Canucks : 0 - Senators : 1.
2:16 of 1st period - Nazem Kadri wins face-off versus Brendan Gallagher in neutral zone.
2:25 of 1st period - Slapshot by Brendan Gallagher.
2:25 of 1st period - Shot Misses the Net.
2:43 of 1st period - Wrist shot by Kyle Okposo.
2:43 of 1st period - Shot Blocked by Andrei Markov.
3:33 of 1st period - Wrist shot by Cody Hodgson.
3:33 of 1st period - Shot Blocked by Fedor Tyutin.
4:27 of 1st period - Off-side.
4:28 of 1st period - Kyle Brodziak wins face-off versus Brad Richards in neutral zone.
4:31 of 1st period - Slapshot by Andrei Markov.
4:31 of 1st period - Stopped by James Reimer without a rebound.
4:32 of 1st period - Kyle Brodziak wins face-off versus Brad Richards in Senators zone.
4:37 of 1st period - Backhand shot by Pavel Datsyuk.
4:37 of 1st period - Stopped by James Reimer with a rebound.
4:39 of 1st period - Snap shot by Victor Hedman.
4:39 of 1st period - Shot Blocked by Justin Schultz.
4:54 of 1st period - Icing by Justin Schultz.
4:55 of 1st period - Cody Hodgson wins face-off versus Brad Richards in Senators zone.
5:12 of 1st period - Snap shot by Justin Schultz.
5:12 of 1st period - Shot Blocked by Christopher Tanev.
5:14 of 1st period - Snap shot by Justin Schultz.
5:14 of 1st period - Stopped by Ben Bishop with a rebound.
5:16 of 1st period - Snap shot by Mark Scheifele.
5:16 of 1st period - Stopped by Ben Bishop with a rebound.
5:18 of 1st period - Snap shot by Brad Richards.
5:18 of 1st period - Shot Misses the Net.
5:31 of 1st period - Major Penalty to Jonathan Toews for Kneeing.
5:32 of 1st period - Pavel Datsyuk wins face-off versus Nazem Kadri in Senators zone.
5:58 of 1st period - Slapshot by Zach Bogosian.
5:58 of 1st period - Stopped by Ben Bishop with a rebound.
7:16 of 1st period - Wrist shot by Brad Richards.
7:16 of 1st period - Shot Blocked by Victor Hedman.
7:18 of 1st period - Snap shot by Johnny Oduya.
7:18 of 1st period - Deflect By Andrei Markov.
7:18 of 1st period - Stopped by Ben Bishop with a rebound.
7:34 of 1st period - Slapshot by Pavel Datsyuk.
7:34 of 1st period - Shot Misses the Net.
7:36 of 1st period - Slapshot by Niklas Hjalmarsson.
7:36 of 1st period - Goal by Niklas Hjalmarsson - Canucks : 1 - Senators : 1.
7:37 of 1st period - Pavel Datsyuk wins face-off versus Brad Richards in neutral zone.
7:48 of 1st period - Wrist shot by Clarke MacArthur.
7:48 of 1st period - Shot Misses the Net.
7:50 of 1st period - Snap shot by Clarke MacArthur.
7:50 of 1st period - Stopped by James Reimer with a rebound.
7:52 of 1st period - Snap shot by Michael Grabner.
7:52 of 1st period - Shot Blocked by Johnny Oduya.
8:31 of 1st period - Johnny Oduya is hit by Niklas Hjalmarsson and loses puck.
9:16 of 1st period - Cody Hodgson is hit by Nazem Kadri.
10:17 of 1st period - Zach Bogosian is hit by Victor Hedman and loses puck.
10:31 of 1st period - Penalty to Jonathan Toews is over, Jonathan Toews is back on ice.
11:04 of 1st period - Snap shot by Jonathan Toews.
11:04 of 1st period - Stopped by Ben Bishop with a rebound.
11:06 of 1st period - Wrist shot by Fedor Tyutin.
11:06 of 1st period - Shot Misses the Net.
11:08 of 1st period - Slapshot by Zach Bogosian.
11:08 of 1st period - Shot Blocked by Jared Cowen.
11:26 of 1st period - Wrist shot by Nazem Kadri.
11:26 of 1st period - Stopped by Ben Bishop without a rebound.
11:27 of 1st period - Kyle Brodziak wins face-off versus Nazem Kadri in Canucks zone.
11:27 of 1st period - Kyle Brodziak is hit by Reilly Smith.
12:25 of 1st period - Colby Robak is hit by Matt Greene.
13:31 of 1st period - Andrei Markov is hit by Matt Greene and loses puck.
13:54 of 1st period - Fedor Tyutin is hit by Michael Grabner and loses puck.
14:17 of 1st period - Justin Schultz is hit by Niklas Hjalmarsson.
14:23 of 1st period - Snap shot by Jonathan Toews.
14:23 of 1st period - Deflect By Colin Greening.
14:23 of 1st period - Stopped by Ben Bishop with a rebound.
14:52 of 1st period - Michael Grabner is hit by Mark Scheifele and loses puck.
14:59 of 1st period - Johnny Oduya is hit by Ryane Clowe.
15:22 of 1st period - Brendan Gallagher is hit by Johnny Oduya and loses puck.
15:49 of 1st period - Wrist shot by Kyle Okposo.
15:49 of 1st period - Shot Misses the Net.
15:51 of 1st period - Snap shot by Fedor Tyutin.
15:51 of 1st period - Deflect By Kyle Okposo.
15:51 of 1st period - Shot Misses the Net.
15:51 of 1st period - Puck is out of play.
15:52 of 1st period - Nazem Kadri wins face-off versus Clarke MacArthur in Canucks zone.
16:07 of 1st period - Andrei Markov is hit by Scott Gomez.
17:48 of 1st period - Off-side.
17:49 of 1st period - Nazem Kadri wins face-off versus Cody Hodgson in neutral zone.
17:52 of 1st period - Snap shot by Kyle Okposo.
17:52 of 1st period - Stopped by Ben Bishop with a rebound.
17:54 of 1st period - Slapshot by Johnny Oduya.
17:54 of 1st period - Shot Misses the Net.
17:56 of 1st period - Slapshot by Johnny Oduya.
17:56 of 1st period - Shot Misses the Net.
17:58 of 1st period - Wrist shot by Kyle Okposo.
17:58 of 1st period - Shot Blocked by Andrei Markov.
18:34 of 1st period - Slapshot by Zach Bogosian.
18:34 of 1st period - Stopped by Ben Bishop with a rebound.
18:44 of 1st period - Slapshot by Brad Richards.
18:44 of 1st period - Stopped by Ben Bishop without a rebound.
18:45 of 1st period - Brad Richards wins face-off versus Pavel Datsyuk in Canucks zone.
19:48 of 1st period - Minor Penalty to Niklas Hjalmarsson for Hooking.
19:49 of 1st period - Boyd Gordon wins face-off versus Jonathan Toews in Canucks zone.
Goals for this period are 1 for Canucks vs 1 for Senators.
Shots for this period are 4 for Canucks vs 16 for Senators.

2nd period


0:01 of 2nd period - Boyd Gordon wins face-off versus Jonathan Toews in neutral zone.
1:06 of 2nd period - Wrist shot by Nazem Kadri.
1:06 of 2nd period - Shot Blocked by Victor Hedman.
1:08 of 2nd period - Slapshot by Justin Schultz.
1:08 of 2nd period - Shot Misses the Net.
1:34 of 2nd period - Off-side.
1:35 of 2nd period - Jonathan Toews wins face-off versus Boyd Gordon in neutral zone.
1:45 of 2nd period - Slapshot by Fedor Tyutin.
1:45 of 2nd period - Stopped by Ben Bishop without a rebound.
1:46 of 2nd period - Jonathan Toews wins face-off versus Boyd Gordon in Canucks zone.
1:48 of 2nd period - Penalty to Niklas Hjalmarsson is over, Niklas Hjalmarsson is back on ice.
3:00 of 2nd period - Snap shot by Brendan Gallagher.
3:00 of 2nd period - Stopped by James Reimer without a rebound.
3:01 of 2nd period - Nazem Kadri wins face-off versus Cody Hodgson in Senators zone.
3:05 of 2nd period - Off-side.
3:06 of 2nd period - Cody Hodgson wins face-off versus Nazem Kadri in neutral zone.
3:09 of 2nd period - Matt Greene is hit by Victor Hedman and loses puck.
3:44 of 2nd period - Snap shot by Ryane Clowe.
3:44 of 2nd period - Shot Blocked by Erik Gudbranson.
3:50 of 2nd period - Minor Penalty to Matt Greene for Interference.
3:51 of 2nd period - Nazem Kadri wins face-off versus Pavel Datsyuk in Senators zone.
4:18 of 2nd period - Snap shot by Clarke MacArthur.
4:18 of 2nd period - Shot Misses the Net.
4:20 of 2nd period - Slapshot by Clarke MacArthur.
4:20 of 2nd period - Shot Misses the Net.
4:36 of 2nd period - Wrist shot by Brendan Gallagher.
4:36 of 2nd period - Stopped by James Reimer with a rebound.
4:38 of 2nd period - Slapshot by Brendan Gallagher.
4:38 of 2nd period - Stopped by James Reimer with a rebound.
4:40 of 2nd period - Wrist shot by Christopher Tanev.
4:40 of 2nd period - Shot Misses the Net.
4:42 of 2nd period - Slapshot by Niklas Hjalmarsson.
4:42 of 2nd period - Shot Blocked by Zach Bogosian.
4:44 of 2nd period - Slapshot by Andrei Markov.
4:44 of 2nd period - Shot Blocked by Phil Kessel.
4:46 of 2nd period - Slapshot by Andrei Markov.
4:46 of 2nd period - Stopped by James Reimer with a rebound.
4:48 of 2nd period - Slapshot by Andrei Markov.
4:48 of 2nd period - Goal by Andrei Markov - Canucks : 2 - Senators : 1.
4:49 of 2nd period - Brad Richards wins face-off versus Pavel Datsyuk in neutral zone.
4:52 of 2nd period - Wrist shot by Ray Whitney.
4:52 of 2nd period - Shot Misses the Net.
4:54 of 2nd period - Snap shot by Brad Richards.
4:54 of 2nd period - Shot Misses the Net.
5:27 of 2nd period - Wrist shot by Brad Richards.
5:27 of 2nd period - Shot Misses the Net.
5:45 of 2nd period - Boyd Gordon is hit by Erik Gudbranson and loses puck.
5:52 of 2nd period - Matt Greene is hit by Lance Bouma and loses puck.
6:03 of 2nd period - Snap shot by Boyd Gordon.
6:03 of 2nd period - Shot Blocked by Matt Greene.
6:05 of 2nd period - Slapshot by Niklas Hjalmarsson.
6:05 of 2nd period - Shot Misses the Net.
6:07 of 2nd period - Snap shot by Christopher Tanev.
6:07 of 2nd period - Shot Misses the Net.
6:09 of 2nd period - Slapshot by Niklas Hjalmarsson.
6:09 of 2nd period - Shot Misses the Net.
6:11 of 2nd period - Slapshot by Christopher Tanev.
6:11 of 2nd period - Deflect By Jonathan Toews.
6:11 of 2nd period - Stopped by James Reimer with a rebound.
6:13 of 2nd period - Slapshot by Christopher Tanev.
6:13 of 2nd period - Stopped by James Reimer with a rebound.
6:15 of 2nd period - Wrist shot by Boyd Gordon.
6:15 of 2nd period - Goal by Boyd Gordon - Canucks : 3 - Senators : 1.
6:16 of 2nd period - Jonathan Toews wins face-off versus Cody Hodgson in neutral zone.
7:24 of 2nd period - Off-side.
7:25 of 2nd period - Boyd Gordon wins face-off versus Brad Richards in neutral zone.
7:45 of 2nd period - Snap shot by Ray Whitney.
7:45 of 2nd period - Shot Misses the Net.
7:59 of 2nd period - Wrist shot by Mark Scheifele.
7:59 of 2nd period - Shot Misses the Net.
8:58 of 2nd period - Minor Penalty to Erik Gudbranson for Roughing.
8:59 of 2nd period - Nazem Kadri wins face-off versus Pavel Datsyuk in Senators zone.
9:51 of 2nd period - Johnny Oduya is hit by Ryane Clowe.
10:08 of 2nd period - Matt Greene is hit by Ryane Clowe and loses puck.
10:21 of 2nd period - Wrist shot by Pavel Datsyuk.
10:21 of 2nd period - Shot Blocked by Matt Greene.
10:23 of 2nd period - Backhand shot by Andrei Markov.
10:23 of 2nd period - Stopped by James Reimer with a rebound.
10:51 of 2nd period - Snap shot by Cody Hodgson.
10:51 of 2nd period - Stopped by James Reimer without a rebound.
10:52 of 2nd period - Jonathan Toews wins face-off versus Cody Hodgson in Senators zone.
10:58 of 2nd period - Penalty to Erik Gudbranson is over, Erik Gudbranson is back on ice.
11:10 of 2nd period - Slapshot by Victor Hedman.
11:10 of 2nd period - Stopped by James Reimer with a rebound.
11:12 of 2nd period - Wrist shot by Andrei Markov.
11:12 of 2nd period - Stopped by James Reimer with a rebound.
11:14 of 2nd period - Snap shot by Victor Hedman.
11:14 of 2nd period - Shot Misses the Net.
11:47 of 2nd period - Backhand shot by Lance Bouma.
11:47 of 2nd period - Stopped by James Reimer with a rebound.
11:49 of 2nd period - Backhand shot by Boyd Gordon.
11:49 of 2nd period - Shot Misses the Net.
12:22 of 2nd period - Slapshot by Ray Whitney.
12:22 of 2nd period - Stopped by Ben Bishop with a rebound.
13:00 of 2nd period - Christopher Tanev is hit by Nazem Kadri and loses puck.
13:36 of 2nd period - Slapshot by Andrei Markov.
13:36 of 2nd period - Shot Misses the Net.
14:29 of 2nd period - Kyle Okposo is hit by Andrei Markov and loses puck.
14:48 of 2nd period - Wrist shot by Boyd Gordon.
14:48 of 2nd period - Stopped by James Reimer with a rebound.
15:17 of 2nd period - Brad Richards is hit by Ryane Clowe and loses puck.
15:47 of 2nd period - Boyd Gordon is hit by Scott Hartnell and loses puck.
17:06 of 2nd period - Kyle Brodziak is hit by Zach Bogosian and loses puck.
17:23 of 2nd period - Snap shot by Brad Richards.
17:23 of 2nd period - Shot Misses the Net.
17:39 of 2nd period - Slapshot by Boyd Gordon.
17:39 of 2nd period - Stopped by James Reimer with a rebound.
17:41 of 2nd period - Wrist shot by Mason Raymond.
17:41 of 2nd period - Shot Misses the Net.
18:45 of 2nd period - Minor Penalty to Ryane Clowe for Holding.
18:46 of 2nd period - Boyd Gordon wins face-off versus Reilly Smith in Canucks zone.
18:46 of 2nd period - Boyd Gordon is hit by Fedor Tyutin.
Goals for this period are 2 for Canucks vs 0 for Senators.
Shots for this period are 15 for Canucks vs 2 for Senators.

3rd period


0:01 of 3rd period - Jonathan Toews wins face-off versus Boyd Gordon in neutral zone.
0:22 of 3rd period - Wrist shot by Phil Kessel.
0:22 of 3rd period - Shot Misses the Net.
0:45 of 3rd period - Penalty to Ryane Clowe is over, Ryane Clowe is back on ice.
0:58 of 3rd period - Snap shot by Reilly Smith.
0:58 of 3rd period - Shot Blocked by Victor Hedman.
1:00 of 3rd period - Slapshot by Johnny Oduya.
1:00 of 3rd period - Shot Misses the Net.
1:02 of 3rd period - Snap shot by Reilly Smith.
1:02 of 3rd period - Stopped by Ben Bishop without a rebound.
1:03 of 3rd period - Pavel Datsyuk wins face-off versus Brad Richards in Canucks zone.
1:03 of 3rd period - Pavel Datsyuk is hit by Ray Whitney.
1:36 of 3rd period - Slapshot by Pavel Datsyuk.
1:36 of 3rd period - Stopped by James Reimer with a rebound.
1:56 of 3rd period - Johnny Oduya is hit by Cody Hodgson.
2:00 of 3rd period - Slapshot by Nazem Kadri.
2:00 of 3rd period - Stopped by Ben Bishop with a rebound.
2:02 of 3rd period - Slapshot by Matt Greene.
2:02 of 3rd period - Stopped by Ben Bishop with a rebound.
2:10 of 3rd period - Matt Greene is hit by Cody Hodgson and loses puck.
2:18 of 3rd period - Minor Penalty to Niklas Hjalmarsson for Hooking.
2:19 of 3rd period - Boyd Gordon wins face-off versus Jonathan Toews in Canucks zone.
3:08 of 3rd period - Wrist shot by Nazem Kadri.
3:08 of 3rd period - Stopped by Ben Bishop with a rebound.
3:20 of 3rd period - Snap shot by Kyle Okposo.
3:20 of 3rd period - Deflect By Andrei Markov.
3:20 of 3rd period - Stopped by Ben Bishop with a rebound.
3:30 of 3rd period - Slapshot by Nazem Kadri.
3:30 of 3rd period - Stopped by Ben Bishop without a rebound.
3:31 of 3rd period - Kyle Brodziak wins face-off versus Jonathan Toews in Canucks zone.
4:18 of 3rd period - Penalty to Niklas Hjalmarsson is over, Niklas Hjalmarsson is back on ice.
4:22 of 3rd period - Justin Schultz is hit by Niklas Hjalmarsson and loses puck.
4:49 of 3rd period - Snap shot by Brad Richards.
4:49 of 3rd period - Stopped by Ben Bishop with a rebound.
4:55 of 3rd period - Brad Richards is hit by Jared Cowen and loses puck.
5:00 of 3rd period - Snap shot by Cody Hodgson.
5:00 of 3rd period - Shot Misses the Net.
5:02 of 3rd period - Slapshot by Andrei Markov.
5:02 of 3rd period - Deflect By Zach Bogosian.
5:02 of 3rd period - Stopped by James Reimer without a rebound.
5:03 of 3rd period - Scott Gomez wins face-off versus Cody Hodgson in Senators zone.
5:03 of 3rd period - Scott Gomez is hit by Ryane Clowe.
5:21 of 3rd period - Matt Greene is hit by Ryane Clowe and loses puck.
5:50 of 3rd period - Snap shot by Pavel Datsyuk.
5:50 of 3rd period - Stopped by James Reimer with a rebound.
5:52 of 3rd period - Slapshot by Christopher Tanev.
5:52 of 3rd period - Deflect By Matt Greene.
5:52 of 3rd period - Stopped by James Reimer with a rebound.
6:14 of 3rd period - Lance Bouma is hit by Matt Greene.
6:24 of 3rd period - Snap shot by Boyd Gordon.
6:24 of 3rd period - Shot Blocked by Scott Gomez.
6:26 of 3rd period - Wrist shot by Boyd Gordon.
6:26 of 3rd period - Deflect By Mason Raymond.
6:26 of 3rd period - Shot Blocked by Matt Greene.
6:26 of 3rd period - Puck is out of play.
6:27 of 3rd period - Cody Hodgson wins face-off versus Brad Richards in Senators zone.
7:02 of 3rd period - Slapshot by Mark Scheifele.
7:02 of 3rd period - Stopped by Ben Bishop without a rebound.
7:03 of 3rd period - Pavel Datsyuk wins face-off versus Nazem Kadri in Canucks zone.
7:31 of 3rd period - Snap shot by Kyle Okposo.
7:31 of 3rd period - Stopped by Ben Bishop with a rebound.
7:33 of 3rd period - Slapshot by Johnny Oduya.
7:33 of 3rd period - Shot Misses the Net.
7:35 of 3rd period - Slapshot by Johnny Oduya.
7:35 of 3rd period - Deflect By Kyle Okposo.
7:35 of 3rd period - Shot Misses the Net.
7:35 of 3rd period - Puck is out of play.
7:36 of 3rd period - Boyd Gordon wins face-off versus Brad Richards in Canucks zone.
7:51 of 3rd period - Christopher Tanev is hit by Brad Richards and loses puck.
8:06 of 3rd period - Wrist shot by Brad Richards.
8:06 of 3rd period - Stopped by Ben Bishop with a rebound.
8:32 of 3rd period - Andrei Markov is hit by Scott Hartnell and loses puck.
8:49 of 3rd period - Johnny Oduya is hit by Cody Hodgson and loses puck.
8:58 of 3rd period - Snap shot by Nazem Kadri.
8:58 of 3rd period - Shot Misses the Net.
9:00 of 3rd period - Slapshot by Nazem Kadri.
9:00 of 3rd period - Stopped by Ben Bishop with a rebound.
9:04 of 3rd period - Slapshot by Kyle Okposo.
9:04 of 3rd period - Stopped by Ben Bishop with a rebound.
9:06 of 3rd period - Slapshot by Johnny Oduya.
9:06 of 3rd period - Shot Blocked by Ryane Clowe.
10:23 of 3rd period - Wrist shot by Jonathan Toews.
10:23 of 3rd period - Shot Misses the Net.
12:29 of 3rd period - Off-side.
12:30 of 3rd period - Kyle Brodziak wins face-off versus Brad Richards in neutral zone.
12:55 of 3rd period - Wrist shot by Phil Kessel.
12:55 of 3rd period - Shot Misses the Net.
13:26 of 3rd period - Snap shot by Victor Hedman.
13:26 of 3rd period - Shot Blocked by Fedor Tyutin.
13:34 of 3rd period - Andrei Markov is hit by Nazem Kadri and loses puck.
13:55 of 3rd period - Snap shot by Colin Greening.
13:55 of 3rd period - Shot Misses the Net.
13:57 of 3rd period - Wrist shot by Jonathan Toews.
13:57 of 3rd period - Stopped by Ben Bishop with a rebound.
13:59 of 3rd period - Wrist shot by Jonathan Toews.
13:59 of 3rd period - Deflect By Colin Greening.
13:59 of 3rd period - Deflect By Brendan Gallagher.
13:59 of 3rd period - Shot Misses the Net.
13:59 of 3rd period - Puck is out of play.
14:00 of 3rd period - Colin Greening wins face-off versus Pavel Datsyuk in Canucks zone.
14:15 of 3rd period - Minor Penalty to Jared Cowen for Interference.
14:16 of 3rd period - Boyd Gordon wins face-off versus Scott Hartnell in Canucks zone.
15:22 of 3rd period - Snap shot by Jonathan Toews.
15:22 of 3rd period - Stopped by Ben Bishop without a rebound.
15:23 of 3rd period - Lance Bouma wins face-off versus Jonathan Toews in Canucks zone.
15:53 of 3rd period - Kyle Brodziak is hit by Justin Schultz and loses puck.
16:12 of 3rd period - Wrist shot by James Wright.
16:12 of 3rd period - Stopped by James Reimer with a rebound.
16:15 of 3rd period - Penalty to Jared Cowen is over, Jared Cowen is back on ice.
17:13 of 3rd period - Slapshot by Jonathan Toews.
17:13 of 3rd period - Stopped by Ben Bishop with a rebound.
18:46 of 3rd period - Wrist shot by Pavel Datsyuk.
18:46 of 3rd period - Shot Blocked by Mark Scheifele.
18:48 of 3rd period - Backhand shot by Christopher Tanev.
18:48 of 3rd period - Stopped by James Reimer with a rebound.
19:19 of 3rd period - Icing by Fedor Tyutin.
19:20 of 3rd period - Boyd Gordon wins face-off versus Jonathan Toews in Senators zone.
19:29 of 3rd period - Slapshot by Boyd Gordon.
19:29 of 3rd period - Stopped by James Reimer with a rebound.
19:31 of 3rd period - Slapshot by Jared Cowen.
19:31 of 3rd period - Deflect By Fedor Tyutin.
19:31 of 3rd period - Goal by Jared Cowen - Canucks : 4 - Senators : 1.
19:32 of 3rd period - Ray Whitney wins face-off versus Cody Hodgson in neutral zone.
Goals for this period are 1 for Canucks vs 0 for Senators.
Shots for this period are 8 for Canucks vs 15 for Senators.


Output by the SimonT Hockey Simulator (STHS) for Eric Dolegowski -- Original Page W3C XHTML 1.0 Valid
Hockey Simulator - Hockey Simulation - Hockey Manager